 Dungeon Crawl Stone Soup version 0.20.1-1-g8b1a95d (webtiles) character file.

3586 HelpMeObiWan the Slicer (level 10, -4/91 HPs)
             Began as a Kobold Berserker on Dec 11, 2017.
             Was a Priest of Trog.
             Splashed by an orc wizard's acid (14 damage)
             ... on level 7 of the Dungeon.
             The game lasted 00:11:03 (10291 turns).

HelpMeObiWan the Slicer (Kobold Berserker)         Turns: 10291, Time: 00:11:04

Health: -4/91      AC:  3    Str: 23      XL:     10   Next: 31%
Magic:  10/10      EV: 12    Int:  8      God:    Trog [***...]
Gold:   397        SH:  0    Dex: 14 (15) Spells: 9/9 levels left

rFire    . . .     SeeInvis .   a - +3 dagger (venom)
rCold    . . .     Gourm    .   (shield restricted)
rNeg     . . .     Faith    .   j - +0 chain mail
rPois    .         Spirit   .   (no helmet)
rElec    .         Reflect  .   (no cloak)
rCorr    .         Harm     .   (no gloves)
MR       .....                  (no boots)
Stlth    ..........             (no amulet)
Regen    0.3/turn               (no ring)
MPRegen  0.2/turn               (no ring)

@: berserking, corroded, very quick
A: carnivore 3
a: Berserk, Trog's Hand, Burn Spellbooks, Renounce Religion


You were on level 7 of the Dungeon.
You worshipped Trog.
Trog was most pleased with you.
You were very full.

You visited 2 branches of the dungeon, and saw 8 of its levels.

You collected 397 gold pieces.

Inventory:

Hand Weapons
 a - a +3 dagger of venom (weapon)
 v - a +2 scimitar of freezing
Missiles
 e - 169 stones (quivered)
 n - 55 bolts
Armour
 j - a +0 chain mail (worn)
Wands
 s - a wand of lightning (5/15)
 w - a wand of confusion (12/48)
Scrolls
 b - 2 scrolls of random uselessness {unknown}
 h - a scroll of enchant armour {unknown}
 k - a scroll of blinking
 m - 2 scrolls of teleportation
 q - 3 scrolls of identify
Potions
 d - 3 potions of lignification
 i - a potion of cancellation {unknown}
 l - a potion of magic
 o - a potion of heal wounds {unknown}
Books
 f - a book of Air

   Spells                             Type                      Level
   a - Shock                          Conjuration/Air              1
   b - Swiftness                      Charms/Air                   2
   c - Static Discharge               Conjuration/Air              3
   d - Airstrike                      Air                          4
   e - Lightning Bolt                 Conjuration/Air              5
   Trog disapproves of the use of such an item.
 t - a book of Dreams

   Spells                             Type                      Level
   a - Ensorcelled Hibernation        Hexes/Ice                    2
   b - Silence                        Hexes/Air                    5
   c - Darkness                       Hexes                        6
   d - Shadow Creatures               Summoning                    6
   Trog disapproves of the use of such an item.
Comestibles
 c - 5 meat rations
 g - 8 chunks of flesh
 p - a royal jelly


   Skills:
 + Level 6.6 Fighting
 - Level 10.8 Short Blades
 * Level 8.7 Armour
 + Level 3.2 Dodging
 - Level 3.3 Stealth


You had 9 spell levels left.
You didn't know any spells.

Dungeon Overview and Level Annotations

Branches:
Dungeon (7/15)             Temple (1/1) D:5

Altars:
Ashenzari
Dithmenos
Elyvilon
Fedhas
Gozag
Hepliaklqana
Makhleb
Nemelex Xobeh
Okawaru
Qazlal
Ru
Trog
Uskayaw
Vehumet
Xom
Yredelemnul
The Shining One

Shops:
D:5 }


Innate Abilities, Weirdness & Mutations

You are small and have problems with some larger weapons.
You are carnivorous and can eat meat at any time.


Message History

The orc wizard gestures at you while chanting.
The puff of flame hits you!
* * * LOW HITPOINT WARNING * * *
The centaur unwields an uncursed shortbow.
The centaur hits you but does no damage.
The orc wizard casts a spell at you. The puff of flame hits you!
* * * LOW HITPOINT WARNING * * *
You are too injured to fight recklessly!
You are too injured to fight recklessly!
You are too injured to fight recklessly!
You hit the orc wizard.
The orc wizard is poisoned.
The orc wizard is moderately wounded.
The centaur hits you but does no damage.
You hit the orc wizard.
The orc wizard is almost dead.
The orc wizard zaps a wand.
The bolt of acid hits you!
* * * LOW HITPOINT WARNING * * *
The acid corrodes you!
You are splashed with acid!
The acid burns!
You die...

####.o## #.....#.# #.|........
##.....# #....#..### .........
.......###......#... .......<.
................#.### ..........
................... ...........
.......###.......####.........>..
......#...............#.####.....
##...#..##......o..#.... ...##.
.......###..#..#@....... ###. .
..###### #..†(..#c...... .. . ..#
#.##.#...###.#.
..########.#..........#
...............##......
..#####...........#####
.###...........####
........######.....
÷.##.#.###########..


You could see a centaur and an orc wizard.

Vanquished Creatures
  Sigmund (D:6)
  2 hungry ghosts
  Edmund (D:5)
  3 orc warriors (D:6)
  A sky beast (D:6)
  A necrophage (D:7)
  4 ogres
  2 centaurs (D:7)
  5 bullfrogs
  8 wights
  2 electric eels (D:6)
  A howler monkey (D:7)
  2 crimson imps (D:7)
  A bullfrog zombie (D:5)
  A centaur zombie (D:7)
  2 jellies
  4 hounds
  6 orc priests
  12 orc wizards
  3 worker ants
  2 iguanas
  2 hound zombies
  3 hound skeletons
  A worker ant zombie (D:6)
  4 gnolls (D:3)
  4 adders
  An ooze (D:3)
  An adder zombie (D:7)
  An adder skeleton (D:6)
  3 worms
  13 dart slugs
  7 leopard geckos
  20 orcs
  4 giant cockroaches
  11 goblins
  5 hobgoblins
  10 jackals
  3 quokkas
  2 ball pythons
  5 bats
  3 frilled lizards
  A giant cockroach zombie (D:5)
  7 kobolds
  A leopard gecko skeleton (D:4)
  A leopard gecko zombie (D:5)
  6 rats
183 creatures vanquished.

Vanquished Creatures (others)
  An orc warrior (D:7)
  A dart slug (D:6)
2 creatures vanquished.

Grand Total: 185 creatures vanquished

Notes
Turn   | Place    | Note
-------+----------+-------------------------------------------
     0 | D:1      | HelpMeObiWan the Kobold Berserker began the quest for the Orb.
     0 | D:1      | Reached XP level 1. HP: 14/14 MP: 1/1
   181 | D:1      | Reached skill level 1 in Stealth
   192 | D:1      | Reached XP level 2. HP: 19/19 MP: 2/2
   479 | D:1      | Reached XP level 3. HP: 23/23 MP: 3/3
   871 | D:2      | Reached skill level 5 in Short Blades
   978 | D:2      | Reached ** piety under Trog
  1027 | D:2      | Reached XP level 4. HP: 29/29 MP: 4/4
  1378 | D:3      | Reached XP level 5. HP: 33/33 MP: 5/5
  1820 | D:3      | Found a hazy altar of Hepliaklqana.
  1835 | D:3      | Reached skill level 6 in Short Blades
  1863 | D:3      | Found a shadowy altar of Dithmenos.
  2130 | D:4      | Reached XP level 6. HP: 34/38 MP: 6/6
  2402 | D:4      | Reached skill level 7 in Short Blades
  2826 | D:5      | Entered Level 5 of the Dungeon
  2847 | D:5      | Noticed an ogre
  2854 | D:5      | Killed an ogre
  2854 | D:5      | Reached XP level 7. HP: 43/43 MP: 7/7
  3767 | D:5      | Found an iron altar of Okawaru.
  3824 | D:5      | Found a staircase to the Ecumenical Temple.
  3834 | D:5      | Reached skill level 8 in Short Blades
  3836 | D:5      | Noticed a hungry ghost
  3844 | Temple   | Entered the Ecumenical Temple
  3852 | Temple   | Killed a hungry ghost
  3953 | D:5      | Found a sparkling altar of Nemelex Xobeh.
  3972 | D:5      | Reached XP level 8. HP: 33/48 MP: 8/8
  3977 | D:5      | Reached skill level 9 in Short Blades
  4874 | D:5      | Found Zostaopu's Quality Used Wands.
  5150 | D:6      | Reached *** piety under Trog
  5170 | D:6      | Noticed Edmund
  5209 | D:5      | Killed Edmund
  5209 | D:5      | Reached skill level 10 in Short Blades
  5543 | D:6      | Reached skill level 5 in Armour
  5552 | D:6      | Reached skill level 5 in Fighting
  5552 | D:6      | Reached XP level 9. HP: 30/54 MP: 9/9
  6941 | D:6      | Noticed Sigmund
  6957 | D:6      | Killed Sigmund
  8919 | D:7      | Reached XP level 10. HP: 31/61 MP: 10/10
 10291 | D:7      | Splashed by an orc wizard's acid

Skill      XL: |  1  2  3  4  5  6  7  8  9 10 |
---------------+-------------------------------+-----
Stealth        | 1 2 3 |  3.3
Short Blades   | 5 6 7 8 10 | 10.8
Armour         | 2 3 5 7 8 |  8.7
Fighting       | 4 5 6 |  6.6
Dodging        | 3 |  3.2

Action                   |  1- 3 |  4- 6 |  7- 9 | 10-12 || total
-------------------------+-------+-------+-------+-------++-------
Melee: Dagger            |    68 |   142 |   435 |   119 ||   764
       Short sword       |     2 |       |       |       ||     2
Invok: Berserk           |       |     4 |     8 |     2 ||    14
       Trog's Hand       |       |     1 |     7 |     1 ||     9
  Use: Scroll            |       |     9 |     1 |       ||    10
       Potion            |       |       |     3 |     5 ||     8
 Stab: Sleeping          |     8 |     4 |       |       ||    12
       Invisible         |       |       |       |     7 ||     7
  Eat: Chunk             |     9 |     9 |    31 |    14 ||    63
       Royal jelly       |       |       |       |     1 ||     1
Armor: Animal skin       |     2 |       |       |       ||     2
       Ring mail         |     8 |    24 |     6 |       ||    38
       Chain mail        |       |       |   100 |    41 ||   141
Dodge: Dodged            |    30 |    89 |   129 |    51 ||   299
